 Dungeon Crawl Stone Soup version 0.31-a0-667-g39726597b9 (webtiles) character file.

Game seed: 10122888011436595322

343 night the Ruffian (level 6, -6/33 HPs)
             Began as a Gargoyle Shapeshifter on Sept 3, 2023.
             Was a Priest of Hepliaklqana.
             Mangled by a mummy (16 damage)
             ... in an ossuary.
             The game lasted 00:06:11 (2639 turns).

night the Ruffian (Gargoyle Shapeshifter)           Turns: 2639, Time: 00:06:12

Health: -6/33      AC:  9    Str: 19    XL:     6   Next: 57%
Magic:  6/6        EV: 10    Int: 11    God:    Hepliaklqana [***...]
Gold:   69         SH:  0    Dex:  9    Spells: 5/5 levels left

rFire   . .          .
                       - Unarmed
rCold   . . .        (no shield)
rNeg    + + .        v - +0 ring mail
rPois   ∞            (helmet currently unavailable)
rElec   +            w - melded +2 cloak
rCorr   .            (gloves currently unavailable)
SInv    .            (boots currently unavailable)
Will    .....        (no amulet) Stlth
                     o - ring of positive energy
HPRegen 0.25/turn    (no ring)
MPRegen 0.10/turn

%: no passive effects
@: beast-form
A: beast (slay +1), reduced essence, sickness immunity, AC +4, negative energy
resistance 1, electricity resistance, torment resistance 1, petrification
resistance
a: Begin Untransformation, Renounce Religion, Recall Ancestor, Ancestor
Identity, Transference


You were in an ossuary.
You worshipped Hepliaklqana.
Hepliaklqana was most pleased with you.
You were a hulking beast.
You visited 1 branch of the dungeon, and saw 4 of its levels.
You also visited: Ossuary.

You collected 105 gold pieces.
You spent 36 gold pieces at shops.

Inventory:

Missiles
 p - 6 javelins
 q - 4 stones
 t - 7 poisoned darts
 u - a throwing net
Armour
 v - a +0 ring mail (worn)
 w - a +2 cloak (melded)
Jewellery
 g - a ring of ice
 o - a ring of positive energy (left hand)
Talismans
 c - a beast talisman (active)
 d - a flux talisman
Wands
 f - a wand of roots (6)
 s - a wand of light (8)
Scrolls
 k - 2 scrolls of teleportation
Potions
 a - a potion of curing {unknown}
 b - a potion of lignification
 e - 2 potions of attraction {unknown}
 i - 2 potions of cancellation {unknown}
 l - a potion of degeneration {unknown}
 n - a potion of magic {unknown}


   Skills:
 + Level 3.6 Fighting
 - Level 1.5 Dodging
 * Level 5.4 Unarmed Combat
 + Level 3.4 Shapeshifting


You had 5 spell levels left.
You didn't know any spells.
Your spell library contained the following spells:

 Spells                   Type           Power      Damage    Failure   Level
 Blink                    Tloc           0%         N/A       67%         2
 Ensorcelled Hibernation  Hex/Ice        0%         N/A       67%         2
 Anguish                  Hex/Necr       0%         N/A       99%         4
 Manifold Assault         Tloc           0%         N/A       99%         4


Dungeon Overview and Level Annotations

Branches:
Dungeon (4/15)             Temple (0/1) D:4         Ossuary (1/1)

Altars:
Elyvilon
Hepliaklqana
Kikubaaqudgha
Makhleb
Ru

Shops:
D:2 *


Innate Abilities, Weirdness & Mutations

You are a hulking beast.
Your limbs bulge with bestial killing power. (Slay +1)
Your life essence is reduced to manifest your ancestor. (-10% HP)
You are immune to sickness and miasma.
Your stone body is resilient. (AC +4)
You are immune to poison.
You resist negative energy. (rN+)
You are resistant to electric shocks. (rElec)
You are resistant to unholy torment.
You are immune to petrification.


Message History

You hit the mummy.
The mummy is almost destroyed.
The mummy hits you.
* * * LOW HITPOINT WARNING * * *
Kammani barely misses the mummy.
Kammani hits the mummy with a +0 dagger of draining.
The mummy hits you.
* * * LOW HITPOINT WARNING * * *
Kammani hits the mummy with a +0 dagger of draining!
The mummy is destroyed!
Kammani hits the mummy with a +0 dagger of draining.
As you read the scroll of teleportation, it crumbles to dust.
You feel strangely unstable.
Kammani casts a spell at the mummy.
The mummy appears confused.
The mummy barely misses the mummy.
Kammani completely misses the mummy.
Kammani hits the mummy with a +0 dagger of draining.
Kammani gestures at the mummy while chanting.
The orc zombie seems to slow down.
Your surroundings seem slightly different.
Kammani points at the mummy and mumbles some strange words.
The mummy resists with some effort.
Kammani points at the mummy and mumbles some strange words.
The mummy resists with some effort.
Kammani casts a spell at the mummy.
The mummy seems to slow down.
The orc zombie is no longer moving slowly.
Kammani hits the mummy with a +0 dagger of draining.
The mummy is destroyed!
Kammani hits the mummy but does no damage.
Kammani points at the mummy and mumbles some strange words.
The mummy resists with some effort.
You punch the orc zombie!
You destroy the orc zombie!
You are too injured to fight recklessly!
You are too injured to fight recklessly!
The mummy seems less confused.
Kammani hits the mummy with a +0 dagger of draining.
Kammani barely misses the mummy.
The mummy hits you!
You die...

..##....##.....
................
.............
............
#........#
#......# #....#
#....# #.h..#
#..MR# #....#
#....# #....#
#....# #.∩∩.#
######


You could see the friendly Kammani the hexer and a mummy (ally target).

Vanquished Creatures
  A howler monkey (D:4)
  Crazy Yiuf (D:3)
  A sleepcap (D:4)
  3 adders
  An ufetubus (D:3)
  2 worms (D:2)
  A hexer (D:3)
  5 orcs
  5 ball pythons
  2 bats (D:1)
  A bat skeleton (D:3)
  2 bat zombies (D:3)
  5 endoplasms
  5 giant cockroaches
  2 gnoll zombies (Ossuary)
  4 goblins
  5 hobgoblins
  7 jackals
  3 quokkas
  4 frilled lizards
  5 kobolds
  2 kobold zombies (Ossuary)
  An orc zombie (Ossuary)
  7 rats
75 creatures vanquished.

Vanquished Creatures (collateral kills)
  A vampire bat (D:3)
  An orc priest (D:2)
  3 mummies (Ossuary)
  2 adders
  A ball python (D:2)
  A bat zombie (D:3)
  2 hobgoblins
  A quokka (D:3)
  2 hobgoblin zombies (Ossuary)
  A kobold zombie (Ossuary)
  A rat (D:2)
16 creatures vanquished.

Grand Total: 91 creatures vanquished

Notes
Turn   | Place    | Note
-------+----------+-------------------------------------------
     0 | D:1      | night the Gargoyle Shapeshifter began the quest for the
                  | Orb.
     0 | D:1      | Reached XP level 1. HP: 12/12 MP: 1/1
    55 | D:1      | Reached XP level 2. HP: 13/16 MP: 2/2
   453 | D:1      | Reached XP level 3. HP: 21/21 MP: 3/3
   626 | D:2      | Found a faded altar of an unknown god.
   632 | D:2      | Prayed at the altar of an unknown god.
   632 | D:2      | Became a worshipper of Hepliaklqana the Forgotten
   632 | D:2      | Reached * piety under Hepliaklqana
   650 | D:2      | Reached skill level 2 in Fighting
   650 | D:2      | Reached skill level 4 in Unarmed Combat
   650 | D:2      | Reached XP level 4. HP: 18/23 MP: 4/4
   875 | D:2      | Found Nimimog's General Store.
   883 | D:2      | Bought a scroll of teleportation for 36 gold pieces
  1167 | D:3      | Found a burning altar of Makhleb.
  1354 | D:3      | Reached ** piety under Hepliaklqana
  1355 | D:3      | Remembered your ancestor Kammani as a hexer
  1387 | D:3      | Reached XP level 5. HP: 27/27 MP: 5/5
  1527 | D:3      | Found an ancient bone altar of Kikubaaqudgha.
  1708 | D:3      | Found a white marble altar of Elyvilon.
  1825 | D:3      | Found a runed translucent door.
  1826 | D:3      | Noticed Crazy Yiuf
  1839 | D:3      | Killed Crazy Yiuf
  1982 | D:3      | Found a sacrificial altar of Ru.
  2111 | D:4      | Found a staircase to the Ecumenical Temple.
  2250 | D:4      | Reached skill level 5 in Unarmed Combat
  2250 | D:4      | Reached XP level 6. HP: 33/33 MP: 6/6
  2582 | D:4      | Reached *** piety under Hepliaklqana
  2586 | D:4      | Found a sand-covered staircase.
  2596 | Ossuary  | Entered an ossuary
  2639 | Ossuary  | Mangled by a mummy

Illustrated notes

Levels and vault maps discovered:
D:1:      psy_arrival_statuary, layout_rooms
D:2:      layout_rooms, serial_shops, shop, chequers_ecumenical_altar_simple
D:3:      layout_basic, lemuel_coloured_pillars_altar,
          kennysheep_vampire_church, mainiacjoe_overflow_concentric_impassable,
          nicolae_overflow_hidden_temple, uniq_crazy_yiuf_cottage
D:4:      kennysheep_big_flooded_room, layout_loops_ring,
          minmay_temple_entry_stoned_glass, enter_ossuary_4, st_stairs_2
Ossuary:  ossuary_tomb_3

Skill      XL: |  1  2  3  4  5 |
---------------+----------------+-----
Fighting       | 2 3 |  3.6
Unarmed Combat | 4 5 |  5.4
Shapeshifting  | 3 |  3.4
Dodging        | |  1.5

Action                     |  1- 3 |  4- 6 || total
---------------------------+-------+-------++-------
  Melee: Unarmed           |    81 |   131 ||   212
         Punch             |     1 |     9 ||    10
 Invoke: Ancestor Life: He |       |     1 ||     1
Ability: Begin Untransform |       |     2 ||     2
    Use: Scroll            |       |     5 ||     5
   Stab: Confused          |       |     1 ||     1
 Armour: Animal skin       |    31 |    21 ||    52
         Ring mail         |       |    58 ||    58
  Dodge: Dodged            |    40 |    64 ||   104
   Form: Beast             |       |     2 ||     2

Table legend: (Time is in decaauts)
 A = Elapsed time spent in this place.
 B = Non-inter-level travel time spent in this place.
 C = Inter-level travel time spent in this place.
 D = Time resting spent in this place.
 E = Time spent auto-exploring this place.
 F = Levels seen in this place.
 G = Mean time per level.
                   A        B        C        D        E       F      G
               +--------+--------+--------+--------+--------+-----+--------+
         Total |   2620 |   2518 |    102 |     21 |   1928 |   5 |  524.0 |
       Dungeon |   2579 |   2477 |    102 |     21 |   1928 |   4 |  644.8 |
       Ossuary |     41 |     41 |      0 |      0 |      0 |   1 |   41.0 |
               +--------+--------+--------+--------+--------+-----+--------+

Top non-repeatable levels by time:
     D:3: 908 daAuts
     D:1: 575 daAuts
     D:2: 562 daAuts
     D:4: 533 daAuts
 Ossuary: 41 daAuts
